 Dungeon Crawl Stone Soup version 0.30-a0-691-g754fce4c43 (webtiles) character file.

Game seed: 4711330351857808589

26934 lesbiats the Grappler (level 13, -9/131 HPs)
             Began as a Troll Fighter on Jan 20, 2023.
             Was a High Priest of Wu Jian.
             Mangled by a minotaur
             ... wielding a staff of earth
              (32 damage)
             ... in a Gauntlet.
             The game lasted 00:43:02 (12583 turns).

lesbiats the Grappler (Troll Fighter)              Turns: 12583, Time: 00:43:03

Health: -9/131     AC:  7    Str: 27    XL:     13   Next: 1%
Magic:  12/12      EV: 11    Int:  8    God:    Wu Jian [*****.]
Gold:   1008       SH: 11    Dex: 11    Spells: 12/12 levels left

rFire   + . .      SeeInvis +      - Unarmed
rCold   . . .      Faith    .    b - +0 kite shield
rNeg    + + .      Spirit   .    t - +2 robe {Will+}
rPois   +          Reflect  .    (helmet restricted)
rElec   .          Harm     .    B - +0 cloak
rCorr   .          Rampage  .    (gloves unavailable)
Will    +....      NoTele   +    (boots unavailable) Stlth
                                 q - amulet of magic regeneration
HPRegen 1.21/turn                v - ring "Zuex" {rPois rN++ Dex+2 SInv Stlth-}
MPRegen 0.53/turn                I - ring of protection from fire

@: no status effects
A: large, unfitting armour, claws 3, regeneration 1, shaggy fur 1, tough skin 1
a: Renounce Religion, Wall Jump, Serpent's Lash, Heavenly Storm


You were in a Gauntlet.
You worshipped Wu Jian.
Wu Jian was extremely pleased with you.
You visited 3 branches of the dungeon, and saw 14 of its levels.
You also visited: Gauntlet.

You collected 1008 gold pieces.

Inventory:

Hand Weapons
 x - the +9 battleaxe of the Demagogue {flame, Fragile rF+ rC++ Stlth+}
   (You found it in a Gauntlet)

   rF:        It protects you from fire.
   rC:        It greatly protects you from cold.
   Fragile:   It will be destroyed if unequipped.
   Stlth:     It makes you more stealthy.
Missiles
 i - 7 curare-tipped darts (quivered)
 n - 4 atropa-tipped darts
 w - a boomerang
Armour
 b - a +0 kite shield (worn)
 t - a +2 robe of willpower (worn)
 B - a +0 cloak (worn)
Jewellery
 c - a +6 ring of dexterity
 l - a +5 ring of evasion
 q - an amulet of magic regeneration (around neck)
 v - the ring "Zuex" (left claw) {rPois rN++ Dex+2 SInv Stlth-}
   (You found it in a Gauntlet)

   [ring of poison resistance]

   Dex:       It affects your dexterity (+2).
   rPois:     It protects you from poison.
   rN:        It greatly protects you from negative energy.
   SInv:      It lets you see invisible.
   Stlth:     It makes you less stealthy.
 I - a ring of protection from fire (right claw)
Wands
 u - a wand of mindburst (11)
 C - a wand of charming (6)
 D - a wand of polymorph (9)
Scrolls
 a - a scroll of immolation {unknown}
 d - 4 scrolls of teleportation
 e - 4 scrolls of fear
 g - 4 scrolls of enchant armour
 m - a scroll of torment
 r - 2 scrolls of blinking {unknown}
 s - 4 scrolls of magic mapping
 y - 2 scrolls of butterflies
 z - a scroll of enchant weapon {unknown}
 A - a scroll of poison {unknown}
 H - 5 scrolls of vulnerability
Potions
 f - 3 potions of berserk rage
 h - a potion of heal wounds
 j - a potion of ambrosia
 k - 5 potions of mutation
 o - 3 potions of brilliance
 p - 3 potions of resistance
 E - 2 potions of attraction
 F - 2 potions of haste
 G - a potion of magic {unknown}
 K - a potion of flight
 N - a potion of lignification {unknown}
 O - a potion of curing {unknown}


   Skills:
 + Level 9.1 Fighting
 + Level 7.6 Dodging
 + Level 10.0 Shields
 * Level 14.6 Unarmed Combat


You had 12 spell levels left.
You didn't know any spells.
Your spell library contained the following spells:

 Spells                   Type           Power      Damage    Failure   Level
 Apportation              Tloc           0%         N/A       63%         1
 Necrotise                Necr           0%         1d4       63%         1
 Summon Small Mammal      Summ           0%         N/A       63%         1
 Call Canine Familiar     Summ           0%         N/A       94%         3
 Summon Guardian Golem    Hex/Summ       0%         N/A       94%         3
 Alistair's Intoxication  Tmut/Pois      0%         N/A       100%        5
 Fireball                 Conj/Fire      0%         3d3       100%        5
 Iskenderun's Battlesphe  Conj           0%         2d6       100%        5
 Conjure Ball Lightning   Conj/Air       0%         3x3d6     100%        6
 Orb of Destruction       Conj           0%         9d5       100%        7


Dungeon Overview and Level Annotations

Branches:
Dungeon (9/15)             Temple (1/1) D:6            Lair (4/5) D:8
 Shoals (0/4) Lair:3        Snake (0/4) Lair:3        Slime (0/5) Lair:4
Gauntlet (1/1)
    Orc: D:9-12

Altars:
Ashenzari
Cheibriados
Gozag
Hepliaklqana
Kikubaaqudgha
Makhleb
Okawaru
Ru
Sif Muna
Trog
Uskayaw
Vehumet
Wu Jian
Xom
Yredelemnul

Annotations:
Gauntlet 11 transporters, 17 runed translucent doors, exclusion: lightning spire


Innate Abilities, Weirdness & Mutations

You are too large for most types of armour.
You have claws for hands.
Your natural rate of healing is unusually fast.
You are covered in fur. (AC +1)
You have tough skin. (AC +1)


Message History

You barely miss the minotaur.
The minotaur is lightly wounded.
You block the minotaur's attack. The minotaur gores you!
You completely miss the minotaur.
The minotaur furiously retaliates!
The minotaur headbutts you!
The minotaur is lightly wounded.
The minotaur misses you. The minotaur gores you!
The slime creature quivers.
The water nymph shouts!
The slime creature changes into an anaconda!
The minotaur throws a javelin.
The javelin closely misses you.
You lunge at the minotaur, in a flurry of attacks.
You scratch the minotaur but do no damage.
The minotaur is lightly wounded.
You mangle the minotaur!!
The minotaur is heavily wounded.
You block the minotaur's attack. x2
The minotaur throws a javelin.
The javelin pierces through you!!
You lunge at the minotaur.
You mangle the minotaur!!
The minotaur is severely wounded.
The minotaur hits you with a staff of earth!
The minotaur gores you!
* * * LOW HITPOINT WARNING * * *
You barely miss the minotaur.
The minotaur is severely wounded.
The minotaur misses you. The minotaur gores you.
* * * LOW HITPOINT WARNING * * *
You barely miss the minotaur.
The minotaur is severely wounded.
You scratch the minotaur.
The minotaur is severely wounded.
The minotaur hits you with a staff of earth.
* * * LOW HITPOINT WARNING * * *
The minotaur gores you.
* * * LOW HITPOINT WARNING * * *
You claw the minotaur!
The minotaur is almost dead.
The anaconda changes into a goliath frog!
The minotaur hits you with a staff of earth!!
You die...

....#.#.#..##.#)#^#.#~#~..###.#.#
.©)...#.#^^.?©[#^##.#mmF~©"!..#.#
#######.###########.###########.#
.................................
..................§∩≈............
#################################
8# #8# #8##§§..............§##8#
## ### ####8§.©.©.©.©.©.©..8####
#≈....@..........≈#
###.#H#######.#.### #.#....#
...#.# # #.##.# ##.#.# ... .. #..
## #..# ...# #8.#


You could see a minotaur, a merfolk, a goliath frog shaped shifter and a water
nymph.

Vanquished Creatures
  Amaemon (D:8)
  Nergalle (Lair:2)
  2 harpies (Lair:3)
  An oklob plant (Lair:1)
  A torpor snail (Gauntlet)
  An orange demon (D:8)
  8 cane toads
  4 rime drakes
  An unseen horror zombie (D:9)
  2 komodo dragons (Lair:1)
  2 trolls
  Grinder (D:3)
  A tyrant leech (Gauntlet)
  A polar bear (Lair:2)
  26 blink frogs
  2 hornets
  Sigmund (D:2)
  5 shadows
  A vampire (D:9)
  2 wyverns
  27 yaks
  A wraith (D:9)
  A steam dragon (D:9)
  2 swamp worms (Gauntlet)
  The ghost of Nabski the Conjurer, an amateur TeFE of Ashenzari (D:4)
  Duvessa (D:6)
  6 water moccasins
  2 orc warriors (D:8)
  3 sky beasts
  A black bear (D:6)
  6 ogres
  12 wolves
  The ghost of hgbash the Chiller, an amateur DsIE (D:4)
  2 centaurs
  2 phantoms (D:7)
  The ghost of wormed the Changer, an amateur OpTm (D:4)
  A necrophage (D:6)
  A kobold brigand (D:7)
  12 bullfrogs
  A scorpion (D:5)
  A gnoll sergeant (D:9)
  2 wyvern zombies (D:9)
  Dowan (D:6)
  16 wights
  32 killer bees (Lair:3)
  2 electric eels (D:8)
  A howler monkey (D:5)
  4 jellies
  Crazy Yiuf (D:6)
  9 orc priests
  6 hounds
  Jessica (D:3)
  2 iguanas
  8 orc wizards
  2 killer bee zombies (D:9)
  3 gnolls (D:9)
  9 adders
  2 shadow imps
  A white imp (D:6)
  2 ufetubi (D:5)
  3 dart slugs
  33 orcs
  6 ball pythons
  5 endoplasms
  2 giant cockroaches
  4 goblins
  7 hobgoblins
  6 jackals
  3 quokkas
  3 bats
  3 frilled lizards
  10 kobolds
  3 rats
  A bush (Lair:1)
342 creatures vanquished.

Vanquished Creatures (others)
  2 demonic plants (Gauntlet)
  5 fungi
  16 plants
  29 withered plants
52 creatures vanquished.

Grand Total: 394 creatures vanquished

Notes
Turn   | Place    | Note
-------+----------+-------------------------------------------
     0 | D:1      | lesbiats the Troll Fighter began the quest for the Orb.
     0 | D:1      | Reached XP level 1. HP: 22/22 MP: 0/0
   178 | D:1      | Reached XP level 2. HP: 28/29 MP: 1/1
   521 | D:2      | Found a faded altar of an unknown god.
   527 | D:2      | Reached XP level 3. HP: 36/36 MP: 2/2
   556 | D:2      | Reached skill level 3 in Unarmed Combat
   747 | D:2      | Reached XP level 4. HP: 41/44 MP: 3/3
   756 | D:2      | Found a broken altar of Ashenzari.
   779 | D:2      | Noticed Sigmund
  1128 | D:2      | Killed Sigmund
  1129 | D:2      | Reached skill level 4 in Unarmed Combat
  1129 | D:2      | Reached XP level 5. HP: 27/53 MP: 4/4
  1322 | D:3      | Noticed Jessica
  1330 | D:3      | Killed Jessica
  1440 | D:3      | Reached XP level 6. HP: 61/61 MP: 5/5
  1577 | D:3      | Found an iron altar of Okawaru.
  1579 | D:3      | Noticed Grinder
  1601 | D:3      | Killed Grinder
  1602 | D:3      | Reached skill level 5 in Unarmed Combat
  1602 | D:3      | Reached XP level 7. HP: 67/68 MP: 6/6
  2447 | D:4      | Found a runed translucent gate.
  2448 | D:4      | Found a runed translucent gate.
  2448 | D:4      | Found a runed translucent gate.
  2461 | D:4      | Noticed hgbash's ghost (amateur DsIE)
  2461 | D:4      | Noticed Nabski's ghost (amateur TeFE)
  2461 | D:4      | Noticed wormed's ghost (amateur OpTm)
  2508 | D:4      | Reached skill level 6 in Unarmed Combat
  2567 | D:4      | Found Zarchips's Antique Weapon Emporium.
  2893 | D:4      | Found a basalt altar of Yredelemnul.
  3005 | D:4      | Killed hgbash's ghost
  3007 | D:4      | Killed wormed's ghost
  3008 | D:4      | Reached skill level 5 in Shields
  3008 | D:4      | Reached XP level 8. HP: 48/79 MP: 7/7
  3016 | D:4      | Killed Nabski's ghost
  3017 | D:4      | Reached skill level 7 in Unarmed Combat
  3130 | D:5      | Entered Level 5 of the Dungeon
  3305 | D:4      | Reached skill level 5 in Fighting
  3665 | D:5      | Reached skill level 8 in Unarmed Combat
  4168 | D:6      | Found a staircase to the Ecumenical Temple.
  4190 | Temple   | Entered the Ecumenical Temple
  4202 | Temple   | Became a worshipper of the Wu Jian Council
  4259 | D:6      | Reached XP level 9. HP: 84/88 MP: 8/8
  4464 | D:6      | Found a runed translucent door.
  4465 | D:6      | Noticed Crazy Yiuf
  4475 | D:6      | Killed Crazy Yiuf
  4618 | D:6      | Reached * piety under Wu Jian
  4834 | D:6      | Noticed Duvessa
  4834 | D:6      | Noticed Dowan
  4841 | D:6      | Killed Duvessa
  4842 | D:6      | Reached skill level 9 in Unarmed Combat
  4845 | D:6      | Killed Dowan
  5331 | D:7      | Found a sacrificial altar of Ru.
  5486 | D:7      | Found an ancient bone altar of Kikubaaqudgha.
  5502 | D:7      | Found a bloodstained altar of Trog.
  5951 | D:8      | Found a shimmering blue altar of Sif Muna.
  5960 | D:8      | Reached skill level 10 in Unarmed Combat
  6069 | D:8      | Reached ** piety under Wu Jian
  6082 | D:8      | Noticed Amaemon
  6086 | D:8      | Noticed an orange demon
  6116 | D:8      | Noticed a troll
  6161 | D:7      | Killed a troll
  6162 | D:7      | Reached XP level 10. HP: 41/100 MP: 9/9
  6390 | D:8      | Paralysed by a hornet for 3 turns
  6524 | D:8      | Found a staircase to the Lair.
  6932 | D:8      | Killed Amaemon
  6936 | D:8      | Killed an orange demon
  6938 | D:8      | HP: 5/100 [poisoned by orange demon (concentrated venom)]
  6943 | D:8      | HP: 4/100 [poisoned by orange demon (concentrated venom)]
  7104 | D:9      | Reached skill level 11 in Unarmed Combat
  7353 | D:9      | Reached skill level 5 in Dodging
  7435 | D:9      | Reached *** piety under Wu Jian
  7436 | D:9      | Reached XP level 11. HP: 55/109 MP: 10/10
  7512 | D:9      | Paralysed by a hornet for 1 turns
  7613 | D:9      | Identified the +6 ring mail of Yredelemnul's Envy {rN+}
  7833 | D:9      | Identified the amulet "Cienimig" {Acrobat rF+}
  7917 | Lair:1   | Entered Level 1 of the Lair of Beasts
  7985 | Lair:1   | Reached skill level 12 in Unarmed Combat
  8194 | Lair:1   | Noticed an oklob plant
  9123 | Lair:1   | Killed an oklob plant
  9205 | Lair:2   | Noticed Nergalle
  9208 | Lair:2   | Reached skill level 13 in Unarmed Combat
  9443 | Lair:2   | Killed Nergalle
  9444 | Lair:2   | Reached XP level 12. HP: 71/120 MP: 11/11
  9991 | Lair:2   | Reached **** piety under Wu Jian
 10706 | Lair:3   | Reached skill level 14 in Unarmed Combat
 10836 | Lair:3   | Reached ***** piety under Wu Jian
 11169 | Lair:3   | Found a staircase to the Snake Pit.
 11294 | Lair:3   | Found a staircase to the Shoals.
 11775 | Lair:4   | Found a staircase to the Slime Pits.
 11850 | Lair:4   | Noticed a catoblepas
 11862 | Lair:4   | Found a gate leading to a gauntlet.
 11870 | Gauntlet | Entered a Gauntlet
 11870 | Gauntlet | Found a transporter.
 11881 | Gauntlet | Found a transporter.
 11883 | Gauntlet | Found a transporter.
 11885 | Gauntlet | Found a transporter.
 11906 | Gauntlet | Found a transporter.
 11919 | Gauntlet | Found a transporter.
 11927 | Gauntlet | Found a transporter.
 11951 | Gauntlet | Found a transporter.
 11965 | Gauntlet | Found a transporter.
 11977 | Gauntlet | Found a transporter.
 11989 | Gauntlet | Found a transporter.
 11998 | Gauntlet | Found a large runed translucent door.
 11999 | Gauntlet | Found a large runed translucent door.
 12000 | Gauntlet | Found a large runed translucent door.
 12001 | Gauntlet | Found a runed translucent gate.
 12002 | Gauntlet | Found a transporter.
 12002 | Gauntlet | Found a runed translucent gate.
 12005 | Gauntlet | Found a runed translucent gate.
 12006 | Gauntlet | Found a large runed translucent door.
 12007 | Gauntlet | Found a large runed translucent door.
 12008 | Gauntlet | Found a large runed translucent door.
 12012 | Gauntlet | Noticed a dire elephant
 12016 | Gauntlet | Found a transporter.
 12038 | Gauntlet | Noticed a two-headed ogre
 12041 | Gauntlet | a two-headed ogre changed into a sea snake
 12047 | Gauntlet | a queen bee changed into an entropy weaver
 12047 | Gauntlet | Noticed an entropy weaver (shapeshifter)
 12049 | Gauntlet | an entropy weaver changed into a shapeshifter
 12058 | Gauntlet | a wolf spider changed into a broodmother
 12058 | Gauntlet | Noticed a broodmother (glowing shapeshifter)
 12122 | Gauntlet | Found a large runed translucent door.
 12126 | Gauntlet | Found a large runed translucent door.
 12130 | Gauntlet | Found a large runed translucent door.
 12130 | Gauntlet | Found a large runed translucent door.
 12130 | Gauntlet | Found a runed translucent door.
 12130 | Gauntlet | Found a runed translucent door.
 12131 | Gauntlet | Found a large runed translucent door.
 12131 | Gauntlet | an elephant changed into a two-headed ogre
 12131 | Gauntlet | Noticed a two-headed ogre (glowing shapeshifter)
 12132 | Gauntlet | Found a large runed translucent door.
 12134 | Gauntlet | Found a transporter.
 12134 | Gauntlet | Found a transporter.
 12136 | Gauntlet | Found a transporter.
 12139 | Gauntlet | a two-headed ogre changed into a manticore
 12156 | Gauntlet | a torpor snail changed into a two-headed ogre
 12156 | Gauntlet | Noticed a two-headed ogre (glowing shapeshifter)
 12172 | Gauntlet | a two-headed ogre changed into a yaktaur
 12173 | Gauntlet | a golden eye changed into an entropy weaver
 12173 | Gauntlet | Noticed an entropy weaver (shapeshifter)
 12184 | Gauntlet | a black mamba changed into an entropy weaver
 12184 | Gauntlet | Noticed an entropy weaver (shapeshifter)
 12184 | Gauntlet | an entropy weaver changed into a tarantella
 12289 | Gauntlet | Found a transporter.
 12362 | Gauntlet | Identified the ring "Zuex" {rPois rN++ Dex+2 SInv Stlth-}
 12441 | Gauntlet | Identified the +9 battleaxe of the Demagogue {flame,
                  | Fragile rF+ rC++ Stlth+}
 12446 | Gauntlet | Identified the +1 leather armour of the Furies {Fly rF+
                  | Will+ Stlth+}
 12481 | Gauntlet | Reached XP level 13. HP: 101/131 MP: 12/12
 12489 | Gauntlet | Reached skill level 10 in Shields
 12568 | Gauntlet | Identified the ring "Xixamuipp" {rC+ Slay+2}
 12568 | Gauntlet | Noticed a minotaur
 12583 | Gauntlet | Mangled by a minotaur

Illustrated notes

Levels and vault maps discovered:
D:1:      dpeg_arrival_fog, layout_basic, minmay_pentomino_v4
D:2:      layout_rooms, basic_altar, chequers_ecumenical_altar_simple_redux,
          uniq_sigmund
D:3:      minmay_wonky_spiral, layout_loops_ring, old_standard_altar,
          nicolae_figureground_sparkle, uniq_jessica, uniq_grinder
D:4:      layout_loops_ring, mainiacjoe_overflow_alcove_2,
          gammafunk_ghost_cemetery, serial_shops, shop
D:5:      layout_gridville, serial_bayou_lagoon_b
D:6:      layout_basic, minmay_temple_entry_crystal_x, grunt_ministairs_6,
          uniq_crazy_yiuf_cottage, uniq_duvessa
D:7:      layout_basic, hangedman_ru_absence,
          mainiacjoe_overflow_large_starburst, hex_tiny
D:8:      layout_basic, nicolae_sif_muna_condensation, erik_lair_island,
          uniq_amaemon
D:9:      layout_roguey, serial_undead, serial_undead_c, serial_undead_b,
          serial_undead_e, serial_undead_d, serial_undead_f, serial_undead_f,
          serial_undead_b, roderic_filled_cross, chequers_serial_rivers_large_b
Temple:   eino_wide_crystal_templ
Lair:1:   layout_cave_shapes, chequers_serial_rivers_small_3,
          minmay_lair_oklob_bushes
Lair:2:   layout_gridlike, grunt_megastairs_4, serial_bayou_shore_a,
          uniq_nergalle
Lair:3:   wad_woods_minihive, layout_loops_ring, nicolae_shoals_entry_roost,
          dummy_snake_entry, infiniplex_staircase_pool_2
Lair:4:   layout_cave_pods, dpeg_slime_entry_enclosed, gauntlet_entry_generic,
          chequers_serial_rivers_small_a
Gauntlet: gammafunk_gauntlet_one_two_three [gammafunk_gauntlet_arena_hedges,
          gammafunk_gauntlet_arena_chambers, nicolae_gauntlet_arena_x,
          gammafunk_gauntlet_arena_split_x, nicolae_gauntlet_arena_blocks,
          gammafunk_gauntlet_arena_mazey, nicolae_gauntlet_arena_grate_2,
          minmay_gauntlet_arena_make_your_own_arena,
          gammafunk_gauntlet_arena_grid, nicolae_gauntlet_exit_dead_adventurers]

Skill      XL: |  1  2  3  4  5  6  7  8  9 10 11 12 13 |
---------------+----------------------------------------+-----
Shields        | 3 4 5 6 7 8 9 10 | 10.0
Unarmed Combat | 3 4 5 6 8 10 11 13 14 | 14.6
Fighting       | 3 4 5 6 7 8 9 |  9.1
Dodging        | 3 5 6 7 |  7.6

Action                   |  1- 3 |  4- 6 |  7- 9 | 10-12 | 13-15 || total
-------------------------+-------+-------+-------+-------+-------++-------
Melee: Unarmed           |    82 |    79 |   362 |   805 |    21 ||  1349
Throw: Boomerang         |       |       |       |     2 |       ||     2
Invok: Lunge             |       |       |    20 |    38 |     3 ||    61
       Whirlwind         |       |       |     4 |   111 |     1 ||   116
Evoke: Wand              |       |       |       |     5 |       ||     5
  Use: Scroll            |       |       |    11 |     7 |       ||    18
       Potion            |       |       |     2 |     3 |     2 ||     7
 Stab: Sleeping          |       |       |     1 |     1 |       ||     2
Armor: Robe              |    21 |    16 |    60 |   105 |     4 ||   206
Dodge: Dodged            |    35 |    19 |   163 |   410 |     6 ||   633
Block: Kite shield       |    40 |    26 |   134 |   374 |    12 ||   586

Table legend: (Time is in decaauts)
 A = Elapsed time spent in this place.
 B = Non-inter-level travel time spent in this place.
 C = Inter-level travel time spent in this place.
 D = Time resting spent in this place.
 E = Time spent auto-exploring this place.
 F = Levels seen in this place.
 G = Mean time per level.
                   A        B        C        D        E       F      G
               +--------+--------+--------+--------+--------+-----+--------+
         Total |  12532 |  11306 |   1226 |   1451 |   6234 |  15 |  835.5 |
       Dungeon |   7918 |   7033 |    885 |    809 |   4406 |   9 |  879.8 |
        Temple |     23 |      9 |     14 |      0 |      4 |   1 |   23.0 |
          Lair |   3878 |   3551 |    327 |    537 |   1824 |   4 |  969.5 |
      Gauntlet |    711 |    711 |      0 |    105 |      0 |   1 |  711.0 |
               +--------+--------+--------+--------+--------+-----+--------+

Top non-repeatable levels by time:
  Lair:1: 1346 daAuts
  Lair:3: 1317 daAuts
     D:8: 1108 daAuts
     D:3: 1050 daAuts
  Lair:2: 1037 daAuts
     D:6: 1031 daAuts
     D:4: 979 daAuts
     D:9: 864 daAuts
     D:5: 804 daAuts
     D:7: 795 daAuts
Gauntlet: 711 daAuts
     D:1: 671 daAuts
     D:2: 614 daAuts
  Lair:4: 175 daAuts
  Temple: 23 daAuts
